 Dungeon Crawl Stone Soup version 0.26.1-11-gd32895ea62 (webtiles) character file.

Game seed: 14182010861686703968

1917136 PanSaczeczos the Grand Scion (level 27, 217/217 HPs)
             Began as a Human Artificer on June 3, 2021.
             Was a High Priest of Hepliaklqana.
             Escaped with the Orb
             ... and 4 runes!
             The game lasted 03:53:10 (107721 turns).

PanSaczeczos the Grand Scion (Human Artificer)    Turns: 107721, Time: 03:53:11

Health: 217/217    AC: 41    Str: 24    XL:     27
Magic:  43/45      EV: 16    Int:  6    God:    Hepliaklqana [*****.]
Gold:   8572       SH: 17    Dex: 17    Spells: 26/26 levels left

rFire    + + +     SeeInvis +   a - +9 broad axe (elec)
rCold    + + +     Faith    +   y - +2 kite shield {reflect}
rNeg     + . .     Spirit   .   N - +9 gold dragon scales
rPois    +         Reflect  +   m - +2 hat of Defiance {rC+++ Regen+ Slay+5 Stlth-}
rElec    +         Harm     .   B - +1 cloak of Catatonia {rF+ rCorr Int-5 Slay+3}
rCorr    +         Rampage  .   j - +1 pair of gloves {Dex+3}
Will     +++..                  O - +1 pair of boots
Stlth    ..........             Y - amulet "Jaseveb" {Faith rElec MP+9 SInv}
HPRegen  0.86/turn              T - ring of positive energy
MPRegen  0.29/turn              o - ring of Ostroy Qashe {+Blink Will+ EV+4, =R}

@: no status effects
A: reduced essence, slimy green scales 1, camouflage 1, fire resistance 1, low
mp 1, weak 1, MP-powered wands
0: Orb of Zot
}: 4/15 runes: barnacled, slimy, silver, gossamer
a: Renounce Religion, Evoke Blink, Recall Ancestor, Ancestor Identity,
Transference, Idealise


You escaped.
You worshipped Hepliaklqana.
Hepliaklqana was extremely pleased with you.
You visited 10 branches of the dungeon, and saw 54 of its levels.
You visited 1 bazaar.
You also visited: Trove, Bailey, Gauntlet, Ice Cave and Desolation.

You collected 11865 gold pieces.
You spent 3293 gold pieces at shops.

Inventory:

Hand Weapons
 a - a +9 broad axe of electrocution (weapon)
 b - the +8 fustibalus "Janif" {flame, rF+}
   (You found it in a Gauntlet)

   It causes projectiles fired from it to burn those they strike, causing extra
   injury to most foes and up to half again as much damage against particularly
   susceptible opponents.
   It protects you from fire.
 r - a +9 antimagic demon whip
 w - a +6 broad axe of draining
Missiles
 h - 21 silver boomerangs
 l - 1526 stones
 q - 526 sling bullets
 H - 60 silver javelins (quivered)
 U - 4 throwing nets {!f}
Armour
 j - a +1 pair of gloves of dexterity (worn)
 m - the +2 hat of Defiance (worn) {rC+++ Regen+ Slay+5 Stlth-}
   (You acquired it on level 2 of the Vaults)

   It affects your accuracy and damage with ranged weapons and melee attacks
   (+5).
   It renders you almost immune to cold.
   It increases your rate of regeneration.
   It makes you less stealthy.
 y - a +2 kite shield of reflection (worn)
 B - the +1 cloak of Catatonia (worn) {rF+ rCorr Int-5 Slay+3}
   (You found it in a Gauntlet)

   It affects your intelligence (-5).
   It affects your accuracy and damage with ranged weapons and melee attacks
   (+3).
   It protects you from fire.
   It provides partial protection from all sources of acid and corrosion.
 N - +9 gold dragon scales (worn)
 O - a +1 pair of boots (worn)
Jewellery
 e - a +4 ring of slaying
 o - the ring of Ostroy Qashe (right hand) {+Blink Will+ EV+4, =R}
   (You acquired it on level 4 of the Spider Nest)

   [ring of evasion]

   It affects your evasion (+4).
   It affects your willpower, your defense against some magical effects.
   It lets you blink.
 T - a ring of positive energy (left hand)
 Y - the amulet "Jaseveb" (around neck) {Faith rElec MP+9 SInv}
   (You found it on level 3 of the Shoals)

   [amulet of faith]

   It allows you to gain divine favour quickly.
   It insulates you from electricity.
   It affects your magic capacity (+9).
   It lets you see invisible.
Wands
 d - a wand of enslavement (36)
 A - a wand of paralysis (31)
 D - a wand of disintegration (20)
 J - a wand of acid (67)
 L - a wand of digging (31)
 R - a wand of iceblast (49)
Scrolls
 i - 2 scrolls of holy word
 k - 2 scrolls of fear
 p - 9 scrolls of fog
 s - 9 scrolls of identify {@r1}
 t - a scroll of magic mapping
 x - 3 scrolls of silence
 E - 27 scrolls of teleportation {@r3}
 I - 7 scrolls of blinking {@r4}
 M - 4 scrolls of remove curse {@r2}
 P - 2 scrolls of summoning
Potions
 c - 6 potions of mutation
 f - 8 potions of might {@q3}
 g - 3 potions of resistance
 n - 16 potions of lignification
 u - 4 potions of berserk rage
 z - 4 potions of ambrosia
 C - 22 potions of curing {@q1}
 G - 5 potions of haste
 S - 5 potions of heal wounds
 V - 2 potions of cancellation
 X - 5 potions of invisibility
 Z - 7 potions of magic
Miscellaneous
 F - a box of beasts
 K - a tin of tremorstones (2/2)
 Q - a lightning rod (4/4)
 W - a condenser vane


   Skills:
 + Level 25.1 Fighting
 - Level 19.6(20.0) Axes
 - Level 3.1(13.6) Maces & Flails
 - Level 6.0(14.3) Polearms
 - Level 12.0(14.8) Slings
 - Level 14.4(16.0) Throwing
 - Level 16.0 Armour
 - Level 12.0 Dodging
 - Level 1.0 Stealth
 - Level 15.0 Shields
 O Level 27 Invocations
 - Level 19.0 Evocations


You had 26 spell levels left.
You didn't know any spells.
Your spell library contained the following spells:

 Spells                   Type           Power        Failure   Level
 Animate Skeleton         Necr           0%           100%        1
 Apportation              Tloc           0%           100%        1
 Beastly Appendage        Tmut           0%           100%        1
 Foxfire                  Conj/Fire      0%           100%        1
 Freeze                   Ice            0%           100%        1
 Magic Dart               Conj           0%           100%        1
 Pain                     Necr           0%           100%        1
 Sandblast                Erth           0%           100%        1
 Shock                    Conj/Air       0%           100%        1
 Sting                    Tmut/Pois      0%           100%        1
 Blink                    Tloc           N/A          100%        2
 Call Imp                 Summ           0%           100%        2
 Corpse Rot               Necr/Air       N/A          100%        2
 Passwall                 Tmut/Erth      0%           100%        2
 Poisonous Vapours        Pois/Air       0%           100%        2
 Searing Ray              Conj           0%           100%        2
 Slow                     Hex            0%           100%        2
 Sublimation of Blood     Necr           0%           100%        2
 Swiftness                Air            0%           100%        2
 Wereblood                Tmut           0%           100%        2
 Confusing Touch          Hex            0%           100%        3
 Conjure Flame            Conj/Fire      0%           100%        3
 Dazzling Flash           Conj/Hex       0%           100%        3
 Frozen Ramparts          Ice            0%           100%        3
 Gell's Gravitas          Tloc           0%           100%        3
 Ignite Poison            Fire/Tmut/Pois 0%           100%        3
 Inner Flame              Hex/Fire       0%           100%        3
 Lesser Beckoning         Tloc           0%           100%        3
 Mephitic Cloud           Conj/Pois/Air  0%           100%        3
 Ozocubu's Armour         Ice            0%           100%        3
 Portal Projectile        Hex/Tloc       0%           100%        3
 Spider Form              Tmut/Pois      0%           100%        3
 Stone Arrow              Conj/Erth      0%           100%        3
 Tukima's Dance           Hex            0%           100%        3
 Vampiric Draining        Necr           0%           100%        3
 Airstrike                Air            0%           100%        4
 Animate Dead             Necr           0%           100%        4
 Cause Fear               Hex            0%           100%        4
 Dispel Undead            Necr           0%           100%        4
 Fulminant Prism          Conj/Hex       0%           100%        4
 Hailstorm                Conj/Ice       0%           100%        4
 Ice Form                 Ice/Tmut       0%           100%        4
 Iskenderun's Mystic Bla  Conj/Tloc      0%           100%        4
 Olgreb's Toxic Radiance  Pois           0%           100%        4
 Passage of Golubria      Tloc           N/A          100%        4
 Petrify                  Tmut/Erth      0%           100%        4
 Sticky Flame             Conj/Fire      0%           100%        4
 Summon Ice Beast         Ice/Summ       0%           100%        4
 Summon Lightning Spire   Summ/Air       0%           100%        4
 Agony                    Necr           0%           100%        5
 Alistair's Intoxication  Tmut/Pois      0%           100%        5
 Blade Hands              Tmut           0%           100%        5
 Bolt of Magma            Conj/Fire/Erth 0%           100%        5
 Borgnjor's Vile Clutch   Necr/Erth      0%           100%        5
 Excruciating Wounds      Necr           0%           100%        5
 Fireball                 Conj/Fire      0%           100%        5
 Irradiate                Conj/Tmut      0%           100%        5
 Lee's Rapid Deconstruct  Erth           0%           100%        5
 Lightning Bolt           Conj/Air       0%           100%        5
 Metabolic Englaciation   Hex/Ice        0%           100%        5
 Silence                  Hex/Air        0%           100%        5
 Summon Forest            Summ/Tloc      0%           100%        5
 Yara's Violent Unravell  Hex/Tmut       0%           100%        5
 Conjure Ball Lightning   Conj/Air       0%           100%        6
 Death Channel            Necr           0%           100%        6
 Eringya's Noxious Bog    Tmut/Pois      0%           100%        6
 Freezing Cloud           Conj/Ice/Air   0%           100%        6
 Hydra Form               Tmut           0%           100%        6
 Invisibility             Hex            0%           100%        6
 Ozocubu's Refrigeration  Ice            0%           100%        6
 Simulacrum               Ice/Necr       0%           100%        6
 Starburst                Conj/Fire      0%           100%        6
 Statue Form              Tmut/Erth      0%           100%        6
 Dragon Form              Tmut           0%           100%        7
 Summon Hydra             Summ           0%           100%        7
 Chain Lightning          Conj/Air       0%           100%        8
 Discord                  Hex            0%           100%        8
 Ignition                 Fire           0%           100%        8
 Lehudib's Crystal Spear  Conj/Erth      0%           100%        8
 Absolute Zero            Ice            0%           100%        9
 Dragon's Call            Summ           0%           100%        9
 Fire Storm               Conj/Fire      0%           100%        9
 Tornado                  Air            0%           100%        9


Dungeon Overview and Level Annotations

Branches:
Dungeon (15/15)            Temple (0/1) D:7            Lair (6/6) D:11
 Shoals (4/4) Lair:3       Spider (4/4) Lair:4        Slime (5/5) Lair:5
    Orc (2/2) D:11            Elf (3/3) Orc:2        Vaults (5/5) D:14
  Crypt (0/3) Vaults:2     Depths (5/5) D:15            Zot (5/5) Depths:5
 Bailey (visited)           IceCv (visited)         Desolation (visited)
Gauntlet (visited)

Altars:
Ashenzari
Dithmenos
Elyvilon
Gozag
Hepliaklqana
Kikubaaqudgha
Makhleb
Nemelex Xobeh
Okawaru
Qazlal
Trog
The Shining One
Beogh
Jiyva

Shops:
D:6 (   D:7 !   Orc:1 ?   Orc:2 *!??   Elf:1 :(**?   Shoals:3 :   Shoals:4 (
Vaults:1 =   Vaults:4 *   Depths:1 :

Portals:
Hell: Depths:1 Depths:2 Depths:3 Depths:4 Depths:5
Abyss: Depths:1 Depths:3 Depths:4
Pandemonium: Depths:3 Depths:5
Ziggurat: Depths:2

Annotations:
D:7 2 transporters, exclusion: ice statue, Darold's ghost, novice KoHu
D:12 3 runed translucent doors, Kold's ghost, journeyman SpDe
Elf:2 3 runed translucent doors, exclusion: 3 doors
Depths:2 1 runed translucent door
Depths:3 3 runed translucent doors, exclusion: 3 doors, Ophixkez's ghost, veteran FoFi
Zot:1 20 runed doors, exclusion: 20 doors
Zot:2 2 runed translucent doors, exclusion: 2 doors, Ugih's ghost, legendary MiFi


Innate Abilities, Weirdness & Mutations

Your life essence is reduced to manifest your ancestor. (-10% HP)
You are partially covered in slimy green scales. (AC +2)
Your skin changes colour to match your surroundings (Stealth+).
Your flesh is heat resistant. (rF+)
Your magical capacity is low. (-10% MP)
You are weak. (Str -2)
You expend magic power (3 MP) to strengthen your wands.


Message History

There is a stone staircase leading up here.
You climb upwards.
There is a stone staircase leading down here.
There is a stone staircase leading up here.
You climb upwards.
There is a stone staircase leading down here.
There is a stone staircase leading up here.
You climb upwards.
There is a stone staircase leading down here.
There is a stone staircase leading up here.
You climb upwards.
There is a stone staircase leading down here.
You swap places.
Aiming: Dig
Press: ? - help, Shift-Dir - straight line A rock wall.
This square is covered in magical glow.
You feel a surge of power!
The rock shatters into small pieces.
There is a staircase leading out of the dungeon here.
You have escaped!

.....##..# #.# #.####
###..##..# #.# #....# #
#.##...# ##.##### ####.#
##.##.#.###......## #.##
#..##.#...........## #..#
##.###.###..........# ##.#
...#
#.#########.########.#
.###
#....PP...........P..# .#
#..........@.........#
####
#รท#........R..PPPPP.##
...###.#########.#########
##.......##........##
...###.#.#.........># ##.#
#.#............#
##.###.###..........###
##....................##
###...................##


You could see the friendly Nomusa the knight.

Vanquished Creatures
  A pandemonium lord (D:10)
  the Royal Jelly (Slime:5)
  5 orbs of fire
  3 ancient liches (Zot:5)
  Mennas (Vaults:4)
  2 juggernauts
  Sojobo (Vaults:5)
  Frederick (Depths:4)
  4 Killer Klowns
  7 golden dragons
  3 caustic shrikes
  A bone dragon (Depths:5)
  2 electric golems
  Jorgrun (D:13)
  A Tzitzimitl (D:10)
  12 tentacled monstrosities
  17 Orb Guardians
  4 liches
  A deep elf blademaster (Elf:3)
  5 quicksilver dragons
  2 titans
  A deep elf master archer (Elf:3)
  A kraken (Shoals:3)
  6 death cobs
  16 acid blobs
  Polyphemus (Shoals:3)
  Gastronok (D:8)
  2 sphinxes
  10 storm dragons
  4 tengu reavers
  6 shadow dragons
  5 draconian monks
  8 fire giants
  7 draconian knights
  6 azure jellies
  9 frost giants
  6 deep elf sorcerers
  2 imperial myrmidons (Desolation)
  9 vault wardens
  Louise (Shoals:3)
  2 iron dragons (Depths:3)
  5 draconian scorchers
  Aizul (Elf:1)
  4 deep elf elementalists
  3 ghost moths
  4 draconian stormcallers
  4 emperor scorpions
  A curse skull (Zot:3)
  11 draconian shifters
  9 ironheart preservers
  A war gargoyle (Vaults:5)
  7 draconian annihilators
  18 stone giants
  A corrupter (D:9)
  A reaper (Depths:3)
  19 very ugly things
  A black sun (D:9)
  A vampire knight (Depths:3)
  2 entropy weavers
  4 deep elf demonologists
  9 purple draconians
  4 deep elf annihilators
  8 green draconians
  5 black draconians
  A minotaur (Gauntlet)
  11 white draconians
  A spark wasp (Spider:4)
  9 red draconians
  A crystal guardian (Desolation)
  14 yellow draconians
  3 jiangshi (Depths:1)
  11 fire dragons
  2 merfolk javelineers (Shoals:4)
  A green death (Depths:5)
  5 deep elf death magi
  10 ettins
  8 death oozes
  5 merfolk impalers
  8 yaktaur captains
  6 deep elf high priests
  6 ragged hierophants (Desolation)
  4 hydras
  6 ice dragons
  7 ogre magi
  5 great orbs of eyes
  A monstrous demonspawn (Depths:3)
  A caustic shrike simulacrum (Depths:2)
  4 servants of whispers (Desolation)
  5 spriggan air magi
  A hell beast (Depths:3)
  2 merfolk avatars
  19 vault guards
  3 alligator snapping turtles
  4 rakshasas
  A peacekeeper (Elf:2)
  6 centaur warriors
  6 boulder beetles
  2 catoblepae
  4 death knights
  8 merfolk aquamancers
  6 deep troll shamans
  26 two-headed ogres
  7 tengu warriors
  11 death yaks
  2 vampire magi
  A satyr (Shoals:4)
  8 dancing weapons
  4 deep troll earth magi
  5 spriggan berserkers
  6 deep elf knights
  3 shadow wraiths
  A salamander mystic (Depths:5)
  A skeletal warrior (Vaults:1)
  4 hell knights
  7 iron trolls
  An unseen horror (D:14)
  A golden dragon zombie (Depths:2)
  A gelid demonspawn (Depths:5)
  3 glowing orange brains
  2 deep trolls (shapeshifter) (Depths:4)
  A death drake (shapeshifter) (Depths:5)
  A sea snake (shapeshifter) (Vaults:4)
  5 flayed ghosts
  15 deep trolls
  7 wizards
  8 sea snakes
  A glowing orange brain (shapeshifter) (D:14)
  2 obsidian statues
  A kraken simulacrum (Shoals:4)
  A spriggan druid (Depths:4)
  A lindwurm (Lair:6)
  12 deep elf archers
  8 harpies
  21 ironbrand convokers
  22 orc knights
  8 necromancers
  9 orb spiders
  28 wolf spiders
  A tengu zombie (Depths:4)
  3 mana vipers (Depths:2)
  43 deep elf magi
  4 phantasmal warriors
  A wolf spider zombie (D:13)
  2 harpies (shapeshifter)
  47 ugly things
  8 fauns
  4 orc sorcerers
  11 manticores
  5 oklob plants (Zot:3)
  A tengu skeleton (Vaults:5)
  23 moths of wrath
  2 cyclopes
  2 shining eyes (Slime:2)
  A salamander (Depths:5)
  A sphinx skeleton (Depths:4)
  3 merfolk sirens
  A frost giant zombie (Vaults:5)
  A centaur zombie (D:15)
  13 elephants
  2 guardian serpents (Desolation)
  Maurice (D:8)
  10 vault sentinels
  2 black mambas
  An ice statue (IceCv)
  A molten gargoyle (Desolation)
  7 water nymphs
  A torpor snail (Gauntlet)
  2 smoke demons
  2 fire giant skeletons
  7 cane toads
  A yaktaur (shapeshifter) (Depths:1)
  2 orange demons
  A yaktaur zombie (Vaults:5)
  A rime drake (shapeshifter) (Depths:1)
  29 yaktaurs
  A kobold demonologist (D:14)
  4 komodo dragons
  13 freezing wraiths
  A komodo dragon (shapeshifter) (Depths:1)
  A hellwing (D:10)
  A red devil (Depths:3)
  2 ice devils
  A troll (shapeshifter) (Vaults:1)
  A queen bee (Spider:3)
  17 demonic crawlers
  20 merfolk
  21 hornets
  A jumping spider (shapeshifter) (Vaults:3)
  A tyrant leech (shapeshifter) (Vaults:5)
  10 wind drakes
  3 tengu conjurers
  A polar bear (shapeshifter) (Depths:1)
  3 meliai (Spider:3)
  24 jumping spiders
  A polar bear (Lair:3)
  6 trolls
  14 blink frogs
  34 saltlings
  8 snapping turtles
  70 slime creatures
  11 dream sheep
  2 stone giant simulacra (Vaults:4)
  A blink frog (shapeshifter) (Depths:1)
  16 tarantellas
  45 redbacks
  2 shadows
  A spriggan (Depths:5)
  4 water elementals
  An air elemental (Elf:1)
  A redback (shapeshifter) (Vaults:5)
  4 wyverns
  4 wraiths
  12 humans (D:14)
  22 yaks
  2 fire elementals (Elf:1)
  A steam dragon (Lair:2)
  16 vampire mosquitoes
  3 basilisks
  10 golden eyes
  A human simulacrum (Vaults:3)
  6 wargs
  A large abomination (Elf:1)
  2 acid dragons (D:14)
  13 water moccasins
  5 hell hounds
  A soldier ant (shapeshifter) (Depths:4)
  6 sky beasts
  3 floating eyes
  2 swamp drakes (Lair:5)
  8 ice beasts
  8 black bears
  31 orc warriors
  4 eyes of draining
  2 eyes of draining (shapeshifter) (Vaults:3)
  39 ogres
  2 phantoms (D:10)
  2 boggarts (Depths:1)
  An elf skeleton (Vaults:5)
  4 human skeletons
  14 centaurs
  33 wolves
  2 lemures (D:8)
  2 big kobolds
  2 elf zombies (Elf:1)
  16 bullfrogs
  A glowing shapeshifter simulacrum (Vaults:4)
  2 earth elementals
  2 gnoll sergeants (D:6)
  A water moccasin zombie (D:5)
  A deep troll simulacrum (Vaults:1)
  3 wyvern skeletons
  5 scorpions
  18 killer bees
  An elephant simulacrum (IceCv)
  2 howler monkeys
  2 wights (D:7)
  2 draconian simulacra (IceCv)
  3 quasits
  A gnoll shaman (D:10)
  17 orc wizards
  5 bullfrog skeletons
  8 orc priests
  2 hounds
  9 jellies
  7 centaur skeletons
  6 hell rats (Lair:2)
  3 iguanas
  2 lightning spires (Zot:3)
  6 troll simulacra (IceCv)
  6 worker ants
  A spriggan simulacrum (IceCv)
  A polar bear simulacrum (IceCv)
  2 centaur simulacra (IceCv)
  2 hound skeletons
  Robin (D:3)
  A worker ant zombie (D:11)
  6 adders
  10 gnolls
  2 naga simulacra (IceCv)
  4 ogre simulacra (IceCv)
  A river rat (D:11)
  2 shadow imps
  8 white imps
  4 oozes
  2 adder skeletons (D:5)
  A worm (D:2)
  A dart slug (D:2)
  5 leopard geckos
  78 orcs
  A ball python (D:6)
  3 giant cockroaches
  14 goblins
  12 hobgoblins
  7 jackals
  4 quokkas
  6 bats
  5 frilled lizards
  24 kobolds
  2 leopard gecko skeletons
  5 rats
  2 tentacles
1949 creatures vanquished.

Vanquished Creatures (collateral kills)
  2 orbs of fire (Zot:5)
  Mara (Depths:4)
  An ancient lich (Vaults:5)
  A juggernaut (Depths:4)
  Xtahua (Vaults:3)
  4 golden dragons
  2 electric golems (Zot:5)
  An Ice Fiend (D:12)
  7 tentacled monstrosities
  A titan (Vaults:5)
  Rupert (D:14)
  Asterion (Elf:1)
  A deep elf blademaster (Elf:3)
  A deep elf master archer (Elf:3)
  8 Orb Guardians (Zot:5)
  A lich (Depths:2)
  3 quicksilver dragons
  9 acid blobs
  A kraken (Shoals:2)
  2 death cobs
  2 tengu reavers (Vaults:5)
  4 shadow dragons
  Donald (Spider:1)
  4 storm dragons
  4 draconian monks
  A draconian knight (Zot:3)
  3 azure jellies
  3 ghost moths
  5 fire giants
  2 deep elf sorcerers
  2 draconian scorchers
  5 frost giants
  A warmonger (D:9)
  3 draconian shifters
  2 iron dragons
  5 vault wardens
  An imperial myrmidon (Desolation)
  A reaper (D:11)
  An emperor scorpion (Spider:4)
  2 orc warlords
  2 draconian stormcallers
  3 draconian annihilators
  7 stone giants
  3 very ugly things
  2 deep elf elementalists (Elf:3)
  An ironheart preserver (Vaults:2)
  A spriggan defender (Depths:2)
  A war gargoyle (Vaults:5)
  8 red draconians
  2 deep elf demonologists (Vaults:5)
  13 black draconians
  2 deep elf annihilators (Elf:3)
  2 green draconians (Zot:2)
  2 white draconians (Zot:2)
  Azrael (Elf:1)
  A halazid warlock (Desolation)
  3 entropy weavers
  2 purple draconians
  6 ettins
  5 yellow draconians
  A spark wasp (Spider:4)
  4 merfolk impalers (Shoals:4)
  3 deep elf death magi
  A merfolk javelineer (Shoals:4)
  A fire dragon (Depths:5)
  A crystal guardian (Desolation)
  2 death oozes (Slime:5)
  A ragged hierophant (Desolation)
  2 deep elf high priests
  3 servants of whispers (Desolation)
  3 yaktaur captains
  4 great orbs of eyes
  A rakshasa (Depths:1)
  A boulder beetle (Vaults:4)
  2 hydras
  A monstrous demonspawn (Depths:3)
  12 vault guards
  7 ice dragons
  A large abomination (Depths:3)
  A hell beast (Gauntlet)
  4 peacekeepers (Desolation)
  2 death knights
  2 centaur warriors
  A merfolk aquamancer (Shoals:2)
  4 spriggan air magi
  Erica (D:7)
  10 two-headed ogres
  An alligator snapping turtle (Shoals:4)
  A catoblepas (Shoals:3)
  4 dancing weapons
  4 ogre magi
  A satyr (Shoals:3)
  3 tengu warriors
  4 death yaks
  A vampire mage (Depths:1)
  2 deep troll earth magi
  A spriggan berserker (Depths:5)
  A spriggan (Depths:4)
  6 deep elf knights
  5 hell knights
  2 sea snakes (Shoals:2)
  An unseen horror (Vaults:1)
  A flayed ghost (Depths:1)
  7 deep trolls
  A golden dragon skeleton (Depths:2)
  3 wizards
  A phantasmal warrior (Vaults:5)
  7 orc knights
  9 deep elf archers
  4 ironbrand convokers
  4 harpies
  3 necromancers
  20 ugly things
  Pikel (D:8)
  3 mana vipers (Depths:2)
  An orc sorcerer (Orc:1)
  6 orb spiders
  3 oklob plants (Zot:3)
  4 shining eyes
  13 wolf spiders
  4 manticores
  4 fauns
  2 salamanders
  13 deep elf magi
  5 cyclopes
  A manticore (shapeshifter) (Vaults:2)
  A moth of wrath (shapeshifter) (Vaults:5)
  A merfolk siren (Shoals:1)
  6 vault sentinels
  A centaur zombie (D:15)
  2 elephants
  9 moths of wrath
  4 guardian serpents (Desolation)
  A water nymph (Shoals:2)
  A centaur skeleton (D:12)
  A torpor snail (Spider:3)
  4 cane toads
  A gargoyle (D:15)
  4 freezing wraiths
  10 yaktaurs
  A hellwing (Depths:3)
  2 rime drakes (Lair:1)
  An efreet (D:15)
  3 komodo dragons
  2 komodo dragons (shapeshifter)
  An elf skeleton (Depths:2)
  4 demonic crawlers
  A tengu conjurer (Depths:5)
  A troll (D:9)
  2 polar bears
  9 jumping spiders
  11 merfolk
  24 saltlings (Desolation)
  2 wind drakes
  6 hornets
  A raiju (shapeshifter) (Depths:2)
  3 blink frogs
  39 slime creatures
  A fire giant simulacrum (Vaults:2)
  4 snapping turtles
  3 dream sheep
  An ettin skeleton (Vaults:5)
  14 tarantellas
  25 redbacks
  16 yaks
  4 water elementals
  2 wyverns
  A fire elemental (Elf:1)
  2 golden eyes
  Grum (D:8)
  4 humans (D:14)
  3 basilisks
  2 vampire mosquitoes
  A steam dragon (D:10)
  2 wargs
  3 hell hounds
  3 water moccasins
  A swamp drake (Lair:5)
  An ice beast (IceCv)
  2 sky beasts
  2 phantoms
  4 black bears
  11 orc warriors
  An alligator simulacrum (IceCv)
  4 ogres
  12 wolves
  4 centaurs
  3 boggarts
  2 lemures (D:8)
  A big kobold (shapeshifter) (Elf:2)
  3 bullfrogs
  2 earth elementals (Elf:3)
  A scorpion (D:9)
  8 killer bees
  A wight (D:7)
  3 howler monkeys
  2 draconian simulacra (IceCv)
  A quasit (D:14)
  6 orc priests
  A bullfrog zombie (D:5)
  5 jellies
  5 orc wizards
  A human simulacrum (Vaults:3)
  2 hell rats (D:11)
  An iguana (D:10)
  A lightning spire (Zot:3)
  4 worker ants
  A polar bear simulacrum (IceCv)
  A centaur simulacrum (IceCv)
  2 gnolls (D:6)
  A howler monkey skeleton (D:10)
  7 adders
  2 river rats (D:11)
  5 white imps (IceCv)
  An ufetubus (D:8)
  An ooze (Lair:5)
  A worm (D:3)
  A leopard gecko (D:5)
  30 orcs
  A bat (D:3)
  6 goblins
  6 hobgoblins
  A jackal (D:2)
  A quokka (D:5)
  A frilled lizard (D:4)
  A jackal skeleton (D:5)
  11 kobolds
  2 leopard gecko skeletons (D:4)
  5 tentacles
835 creatures vanquished.

Vanquished Creatures (others)
  A deep elf master archer (Elf:3)
  A storm dragon (Depths:3)
  A draconian knight (Zot:5)
  A ragged hierophant (Desolation)
  A yaktaur captain (Depths:5)
  A harpy (Shoals:1)
  A slime creature (D:9)
  2 yaktaurs
  A saltling (Desolation)
  A shadow (D:14)
  25 knights
  2 ancestors (D:6)
  A jackal (D:1)
  61 fungi
  248 plants
  12 tentacles
360 creatures vanquished.

Grand Total: 3144 creatures vanquished

Notes
Turn   | Place    | Note
-------+----------+-------------------------------------------
     0 | D:1      | PanSaczeczos the Human Artificer began the quest for the
                  | Orb.
     0 | D:1      | Reached XP level 1. HP: 15/15 MP: 1/1
   328 | D:1      | Reached XP level 2. HP: 7/22 MP: 2/2
  1542 | D:1      | Reached XP level 3. HP: 25/27 MP: 3/3
  2884 | D:2      | Reached XP level 4. HP: 20/33 MP: 4/4
  3432 | D:2      | Reached skill level 1 in Shields
  3514 | D:2      | Found a hazy altar of Hepliaklqana.
  3746 | D:2      | Became a worshipper of Hepliaklqana the Forgotten
  4115 | D:3      | Noticed Robin
  4120 | D:3      | Reached XP level 5. HP: 32/35 MP: 5/5
  4129 | D:3      | Killed Robin
  4134 | D:3      | Reached skill level 1 in Invocations
  4564 | D:3      | Found a white marble altar of Elyvilon.
  4641 | D:3      | Found a stormy altar of Qazlal.
  4703 | D:3      | HP: 3/36 [orc priest/divine providence (12)]
  4991 | D:3      | Reached XP level 6. HP: 16/42 MP: 5/7
  5261 | D:3      | Found an iron altar of Okawaru.
  5320 | D:3      | Found a burning altar of Makhleb.
  5349 | D:3      | Found a bloodstained altar of Trog.
  5695 | D:4      | Reached skill level 2 in Invocations
  5968 | D:4      | Reached skill level 3 in Invocations
  6207 | D:4      | Reached * piety under Hepliaklqana
  6354 | D:4      | Reached skill level 1 in Maces & Flails
  6619 | D:5      | Entered Level 5 of the Dungeon
  6619 | D:5      | Found a broken altar of Ashenzari.
  6619 | D:5      | Noticed an ogre
  6634 | D:4      | Killed an ogre
  6635 | D:4      | Reached XP level 7. HP: 46/46 MP: 9/9
  6897 | D:5      | Reached skill level 4 in Invocations
  7666 | D:5      | Reached XP level 8. HP: 37/54 MP: 11/11
  7794 | D:6      | Reached skill level 5 in Invocations
  8163 | D:6      | Found Lumice's Weapon Shoppe.
  8171 | D:6      | Bought a +1 hunting sling of flaming for 145 gold pieces
  8437 | D:6      | Reached skill level 5 in Shields
  8437 | D:6      | Reached skill level 6 in Invocations
  8437 | D:6      | Reached skill level 1 in Polearms
  9076 | D:7      | Reached XP level 9. HP: 49/58 MP: 13/13
  9411 | D:7      | Found a transporter.
  9420 | D:7      | Found a shadowy altar of Dithmenos.
  9441 | D:7      | Reached skill level 7 in Invocations
  9501 | D:7      | Found a staircase to the Ecumenical Temple.
  9523 | D:7      | Reached ** piety under Hepliaklqana
  9781 | D:7      | Remembered your ancestor Nomusa as a knight
  9981 | D:7      | Reached skill level 5 in Fighting
 10493 | D:7      | Found Pagemite's Distillery.
 10604 | D:7      | Bought a potion of heal wounds for 60 gold pieces
 10705 | D:7      | Found a glowing golden altar of the Shining One.
 10741 | D:7      | Found a transporter.
 10795 | D:7      | Noticed an ice statue
 10795 | D:7      | Noticed Darold's ghost (novice KoHu)
 11194 | D:8      | Noticed Erica
 11375 | D:7      | Killed Erica
 11376 | D:7      | Reached skill level 8 in Invocations
 11615 | D:8      | Reached XP level 10. HP: 65/66 MP: 16/16
 11677 | D:8      | Noticed Grum
 11892 | D:8      | Killed Grum
 12020 | D:8      | Got a translucent chain mail
 12031 | D:8      | Identified the +8 chain mail of the Harvest {*Drain +Fly
                  | rElec MP+9 Stlth+} (You found it on level 8 of the Dungeon)
 12095 | D:8      | Noticed Pikel
 12290 | D:8      | Killed Pikel
 12291 | D:8      | Reached skill level 9 in Invocations
 12390 | D:8      | Noticed a two-headed ogre
 12396 | D:8      | Noticed Maurice
 12408 | D:8      | Killed Maurice
 12538 | D:8      | Noticed a two-headed ogre
 12540 | D:8      | Noticed Gastronok
 12570 | D:7      | HP: 7/68 [two-headed ogre/+0 giant spiked club (20)]
 12573 | D:7      | Killed a two-headed ogre
 12733 | D:8      | Killed Gastronok
 12734 | D:8      | Reached skill level 5 in Polearms
 12734 | D:8      | Reached XP level 11. HP: 31/78 MP: 17/17
 13033 | D:8      | Killed a two-headed ogre
 13176 | D:9      | Reached *** piety under Hepliaklqana
 13427 | D:9      | Found a broken altar of Ashenzari.
 13443 | D:9      | Reached skill level 10 in Invocations
 13572 | D:9      | Found a flagged portal.
 13583 | Bailey   | Entered a bailey
 13588 | Bailey   | Noticed an orc warlord
 13731 | Bailey   | Found a runed translucent gate.
 13732 | Bailey   | Found a runed translucent gate.
 13734 | Bailey   | Found a runed translucent gate.
 14100 | Bailey   | Killed an orc warlord
 14101 | Bailey   | Reached skill level 1 in Throwing
 14277 | Bailey   | Identified 2 scrolls of acquirement
 14277 | Bailey   | Acquired a manual of Throwing
 14281 | Bailey   | Acquired 932 gold pieces
 14676 | D:10     | Entered Level 10 of the Dungeon
 14724 | D:10     | Noticed a white ugly thing
 14767 | D:9      | Killed a white ugly thing
 14768 | D:9      | Reached XP level 12. HP: 65/86 MP: 19/19
 14858 | D:9      | Reached skill level 5 in Evocations
 15233 | D:9      | Reached skill level 10 in Fighting
 15233 | D:9      | Reached skill level 5 in Throwing
 15339 | D:10     | Noticed Sonja
 15368 | D:10     | Noticed Sonja
 15368 | D:10     | Sonja changed into Sonja the hornet
 15374 | D:10     | Killed Sonja the hornet
 15469 | D:10     | Noticed a two-headed ogre
 15478 | D:10     | Killed a two-headed ogre
 15683 | D:10     | Reached **** piety under Hepliaklqana
 15783 | D:10     | Noticed an eight-headed hydra
 15797 | D:10     | HP: 20/87 [eight-headed hydra (2)]
 15799 | D:10     | HP: 8/87 [eight-headed hydra (6)]
 15799 | D:10     | HP: 1/87 [eight-headed hydra (5)]
 15803 | D:10     | Killed an eight-headed hydra
 15804 | D:10     | Reached skill level 10 in Throwing
 16319 | D:10     | Noticed Psyche
 16320 | D:10     | Noticed Psyche
 16320 | D:10     | Psyche changed into Psyche the black bear
 16330 | D:10     | Killed Psyche the black bear
 16837 | D:11     | Found a portal to a secret trove of treasure.
 16951 | D:11     | Noticed a death yak
 16956 | D:11     | Reached skill level 11 in Invocations
 16978 | D:11     | Killed a death yak
 17014 | D:11     | Reached XP level 13. HP: 70/93 MP: 21/21
 17121 | D:11     | Found a staircase to the Lair.
 17382 | D:11     | Found an ancient bone altar of Kikubaaqudgha.
 17738 | D:11     | Found a staircase to the Orcish Mines.
 17787 | Lair:1   | Entered Level 1 of the Lair of Beasts
 17801 | Lair:1   | Reached skill level 12 in Invocations
 18131 | Lair:1   | Found a gate leading to a gauntlet.
 18140 | Gauntlet | Entered a Gauntlet
 18140 | Gauntlet | Found a transporter.
 18140 | Gauntlet | Found a transporter.
 18140 | Gauntlet | Found a transporter.
 18140 | Gauntlet | Noticed a hell beast
 18141 | Gauntlet | Found a transporter.
 18144 | Gauntlet | Found a transporter.
 18154 | Gauntlet | Noticed a seven-headed hydra
 18156 | Gauntlet | Found a transporter.
 18167 | Gauntlet | Found a transporter.
 18178 | Gauntlet | Found a transporter.
 18192 | Gauntlet | Found a transporter.
 18200 | Gauntlet | Found a transporter.
 18217 | Gauntlet | Found a transporter.
 18271 | Gauntlet | Found a transporter.
 18368 | Gauntlet | HP: 21/95 [hell beast (18)]
 18370 | Gauntlet | HP: 2/95 [hell beast (11)]
 18375 | Gauntlet | HP: 22/95 [hell beast (5)]
 18376 | Gauntlet | Killed a hell beast
 18501 | Gauntlet | Identified the Guide on Unholy Bewitchment
 18505 | Gauntlet | Got a brightly glowing cloak
 18516 | Gauntlet | Identified the +1 cloak of Catatonia {rF+ rCorr Int-5
                  | Slay+3} (You found it in a Gauntlet)
 18536 | Gauntlet | Killed a seven-headed hydra
 18628 | Gauntlet | Got a steaming marble ring
 18639 | Gauntlet | Identified the ring "Leafaemo" {+Fly Str+5} (You found it
                  | in a Gauntlet)
 18647 | Gauntlet | Identified the +10 flail of Dissent {holy, Str+3}
 18647 | Gauntlet | Noticed a minotaur
 18658 | Gauntlet | Killed a minotaur
 18754 | Gauntlet | Got an ancient fustibalus
 18755 | Gauntlet | Identified the +8 fustibalus "Janif" {flame, rF+} (You
                  | found it in a Gauntlet)
 19008 | Lair:1   | Noticed a five-headed hydra
 19013 | Lair:1   | Killed a five-headed hydra
 19060 | Lair:1   | Noticed a six-headed hydra
 19074 | Lair:1   | Killed a six-headed hydra
 19075 | Lair:1   | Reached skill level 1 in Slings
 19251 | Lair:1   | Reached skill level 10 in Shields
 20196 | Lair:2   | Noticed a five-headed hydra
 20215 | Lair:2   | Killed a five-headed hydra
 20216 | Lair:2   | Reached skill level 5 in Slings
 20497 | Lair:2   | Reached XP level 14. HP: 101/101 MP: 23/23
 21750 | Lair:3   | Found a staircase to the Shoals.
 22141 | Lair:4   | Reached ***** piety under Hepliaklqana
 22233 | Lair:4   | Found a hole to the Spider Nest.
 23566 | Lair:5   | Found a staircase to the Slime Pits.
 24816 | Lair:6   | Entered Level 6 of the Lair of Beasts
 25578 | Lair:5   | Reached XP level 15. HP: 106/106 MP: 24/24
 25640 | Lair:6   | Reached skill level 10 in Slings
 25919 | Lair:6   | Got a fading buckler
 26956 | Orc:1    | Entered Level 1 of the Orcish Mines
 26981 | Orc:2    | Entered Level 2 of the Orcish Mines
 26989 | Orc:2    | Noticed an orc warlord
 27062 | D:11     | Killed an orc warlord
 28123 | Orc:1    | Found Biewoeh's Magic Scroll Shop.
 28161 | Orc:1    | Bought a scroll of identify for 32 gold pieces
 28161 | Orc:1    | Bought a scroll of identify for 32 gold pieces
 28161 | Orc:1    | Identified the +2 buckler "Esumimn" {Will+} (You found it
                  | on level 6 of the Lair of Beasts)
 28593 | Orc:2    | Reached XP level 16. HP: 88/112 MP: 25/25
 28714 | Orc:2    | Found Siusol's Assorted Antiques.
 28714 | Orc:2    | Found Ziupiver's Distillery.
 28858 | Orc:2    | Found Toottyshi's Magic Scroll Shop.
 28858 | Orc:2    | Found Rosaq's Magic Scroll Emporium.
 28889 | Orc:2    | Found a staircase to the Elven Halls.
 29673 | D:12     | You fall into a shaft and drop 1 floor!
 30017 | D:12     | Found a runed translucent gate.
 30018 | D:12     | Found a runed translucent gate.
 30019 | D:12     | Found a runed translucent gate.
 30019 | D:12     | Noticed Kold's ghost (journeyman SpDe)
 30029 | D:12     | Reached ****** piety under Hepliaklqana
 31250 | D:13     | Noticed Jorgrun
 31260 | D:13     | Killed Jorgrun
 31580 | D:14     | Found a gate to the Vaults.
 31580 | D:14     | Noticed Rupert
 31685 | D:14     | Found a frozen archway.
 31696 | IceCv    | Entered an ice cave
 32132 | IceCv    | Found an ancient bone altar of Kikubaaqudgha.
 32560 | D:14     | Found a burning altar of Makhleb.
 32575 | D:14     | Paralysed by Rupert for 5 turns
 32590 | D:14     | Killed Rupert
 32660 | D:14     | Reached skill level 13 in Invocations
 32675 | D:14     | Reached XP level 17. HP: 119/119 MP: 26/26
 33244 | D:14     | Reached skill level 14 in Invocations
 33910 | D:15     | Entered Level 15 of the Dungeon
 33992 | D:15     | Found an opulent altar of Gozag.
 34637 | D:15     | Found a staircase to the Depths.
 35693 | Shoals:1 | Entered Level 1 of the Shoals
 35699 | Shoals:1 | Reached skill level 15 in Invocations
 37048 | Shoals:2 | Reached XP level 18. HP: 126/126 MP: 29/29
 37890 | Shoals:2 | HP: 30/126 [merfolk aquamancer/shard of ice (26)]
 38571 | Shoals:2 | Noticed a kraken
 38579 | Shoals:2 | Killed a kraken
 38957 | Orc:1    | Bought a scroll of fear for 56 gold pieces
 39035 | D:11     | You paid a toll of 4 scrolls of fear to enter a treasure
                  | trove
 39036 | Trove    | Entered a treasure trove
 39075 | Trove    | Got an encrusted spear
 39078 | Trove    | Got an ancient hat
 39102 | D:11     | Identified the +1 hat of the Gate {Stlth+} (You found it in
                  | a treasure trove)
 39114 | D:11     | Identified the +2 spear of Ascent {vorpal, rF++ SInv} (You
                  | found it in a treasure trove)
 39417 | Shoals:3 | Found Upsaqun's Book Boutique.
 39558 | Shoals:3 | Identified the amulet "Jaseveb" {Faith rElec MP+9 SInv}
                  | (You found it on level 3 of the Shoals)
 40044 | Shoals:3 | Noticed a kraken
 40056 | Shoals:3 | Killed a kraken
 40105 | Shoals:3 | Noticed Louise
 40139 | Shoals:3 | Killed Louise
 40273 | Shoals:4 | Entered Level 4 of the Shoals
 40961 | Shoals:4 | Found Cuamiose's Antique Weapon Emporium.
 41327 | Shoals:4 | Reached skill level 15 in Shields
 41360 | Shoals:4 | Reached skill level 16 in Invocations
 41360 | Shoals:4 | Reached skill level 10 in Evocations
 41529 | Shoals:4 | Reached skill level 5 in Armour
 42047 | Shoals:4 | Got a barnacled rune of Zot
 42313 | Shoals:4 | Reached XP level 19. HP: 133/135 MP: 31/31
 42582 | Shoals:4 | Noticed Polyphemus
 42798 | Shoals:3 | Killed Polyphemus
 44287 | Spider:1 | Entered Level 1 of the Spider Nest
 44694 | Spider:1 | Noticed Donald
 45146 | Spider:1 | Killed Donald
 45506 | Spider:1 | Reached skill level 17 in Invocations
 45934 | Spider:1 | Found a roughly hewn altar of Beogh.
 46959 | Spider:2 | Reached skill level 15 in Fighting
 48298 | Spider:3 | Reached skill level 10 in Armour
 48433 | Spider:3 | Reached XP level 20. HP: 145/145 MP: 32/32
 49279 | Spider:4 | Entered Level 4 of the Spider Nest
 49364 | Spider:4 | Acquired the ring of Ostroy Qashe {+Blink Will+ EV+4}
 50548 | Spider:4 | Reached skill level 5 in Dodging
 50875 | Spider:4 | Got a gossamer rune of Zot
 51140 | Vaults:1 | Entered Level 1 of the Vaults
 52549 | Vaults:1 | Found Inoikoag's Jewellery Emporium.
 52788 | Vaults:1 | Reached XP level 21. HP: 153/153 MP: 33/33
 53460 | Vaults:2 | Found a staircase to the Crypt.
 53751 | Vaults:2 | Acquired the +2 hat of Defiance {rC+++ Regen+ Slay+5
                  | Stlth-}
 54560 | Vaults:2 | Reached skill level 18 in Invocations
 55889 | Vaults:3 | Identified the +4 scale mail of Plog {Rampage rN+ Regen+}
                  | (You found it on level 3 of the Vaults)
 56171 | Vaults:3 | Found a sparkling altar of Nemelex Xobeh.
 56404 | Vaults:3 | Noticed Xtahua
 56414 | Vaults:3 | Killed Xtahua
 56415 | Vaults:3 | Reached skill level 15 in Armour
 57026 | Vaults:3 | Reached XP level 22. HP: 148/162 MP: 35/35
 57565 | Vaults:4 | Reached skill level 19 in Invocations
 57615 | Vaults:4 | Noticed Mennas
 57709 | Vaults:4 | Killed Mennas
 57917 | Vaults:4 | Found Tiace's Assorted Antiques.
 57934 | Vaults:4 | Bought a potion of heal wounds for 180 gold pieces
 58200 | Vaults:4 | Acquired an uncursed ring of willpower
 58580 | Vaults:4 | Reached skill level 20 in Invocations
 59177 | Vaults:4 | Identified the +6 swamp dragon scales of Ovuoh {*Corrode
                  | rPois rF++ Str+2}
 59983 | Elf:1    | Entered Level 1 of the Elven Halls
 59983 | Elf:1    | Found Olech's General Store.
 60002 | Elf:1    | Noticed Azrael
 60015 | Elf:1    | Killed Azrael
 60120 | Elf:1    | Noticed Asterion
 60122 | Elf:1    | Found Tilutahu's Magic Scroll Emporium.
 60133 | Elf:1    | Killed Asterion
 60365 | Elf:1    | Reached XP level 23. HP: 171/171 MP: 37/37
 60370 | Elf:1    | Reached skill level 1 in Axes
 60452 | Elf:1    | Found Iboll's Weapon Emporium.
 60482 | Elf:1    | Noticed Aizul
 60494 | Elf:1    | Killed Aizul
 60497 | Elf:1    | Found Cyahu's Book Shoppe.
 61244 | Elf:1    | Found Piutwez's Assorted Antiques.
 61360 | Elf:1    | Identified the Tome of Black Secrets
 61548 | Elf:2    | Found a ruined gateway.
 61563 | Desolati | Entered the Desolation of Salt
 61692 | Desolati | Identified the +1 plate armour of Mental Paralysis {rF+
                  | Int+6} (You found it in the Desolation of Salt)
 61698 | Desolati | Found the +3 salamander hide armour {Flames rF++ rC--}
 61708 | Desolati | Got an ancient ruby amulet
 61709 | Desolati | Identified the amulet "Dyciv" {Acrobat Str+4} (You found it
                  | in the Desolation of Salt)
 61752 | Desolati | Reached skill level 5 in Axes
 62319 | Desolati | Identified the +7 chain mail "Zorroehu" {rElec rC+ Str-3}
                  | (You found it in the Desolation of Salt)
 62481 | Desolati | Identified the ring of Mistrust {*Tele rC+ Str+4 Stlth+}
                  | (You found it in the Desolation of Salt)
 63217 | Desolati | Identified the amulet of Zin's Condemnation {Faith Int-4
                  | Dex+9 SInv} (You found it in the Desolation of Salt)
 64138 | Elf:2    | Found a runed translucent gate.
 64138 | Elf:2    | Found a runed translucent gate.
 64138 | Elf:2    | Found a runed translucent gate.
 64787 | Elf:3    | Entered Level 3 of the Elven Halls
 64794 | Elf:3    | Reached skill level 10 in Axes
 65087 | Elf:3    | Reached XP level 24. HP: 180/180 MP: 37/37
 66817 | Elf:3    | Found the +2 hood of the Assassin {Detection Stab+ Stlth++}
 66985 | Elf:3    | Identified the +5 plate armour "Azuedoyptak" {rN+} (You
                  | found it on level 3 of the Elven Halls)
 66990 | Elf:3    | Identified the cursed +0 plate armour "Gissiz" {rC+} (You
                  | found it on level 3 of the Elven Halls)
 67006 | Elf:3    | Identified the Catalogue of Toxic Transformation
 67011 | Elf:3    | Identified the Compendium of Venomous Beguiling
 67033 | Elf:3    | Identified the +6 short sword of Untruth {flame, rC- rN+
                  | Str+4} (You found it on level 3 of the Elven Halls)
 67098 | Elf:3    | Found an ancient bone altar of Kikubaaqudgha.
 67275 | Elf:3    | Identified the +4 short sword of Jada {vorpal, Will+} (You
                  | found it on level 3 of the Elven Halls)
 67524 | Depths:1 | Entered Level 1 of the Depths
 67669 | Depths:1 | Found Niumaara's Book Shoppe.
 67778 | Depths:1 | Found a gateway to Hell.
 68284 | Depths:1 | Found a one-way gate to the infinite horrors of the Abyss.
 69000 | Depths:2 | Found a gateway to a ziggurat.
 69350 | Depths:1 | Reached skill level 15 in Axes
 69754 | Depths:2 | Reached XP level 25. HP: 144/186 MP: 20/37
 70040 | Depths:2 | Found a runed translucent door.
 70078 | Depths:2 | Found a runed translucent door.
 70546 | Depths:2 | You fall into a shaft and drop 2 floors!
 70546 | Depths:4 | Noticed a caustic shrike
 70546 | Depths:4 | Noticed a juggernaut
 70547 | Depths:4 | Noticed a juggernaut
 70718 | Depths:4 | Killed a caustic shrike
 70835 | Depths:4 | Reached skill level 21 in Invocations
 71010 | Depths:4 | Noticed Mara
 71023 | Depths:4 | Killed Mara
 71093 | Depths:4 | Killed a juggernaut
 71143 | Depths:4 | Paralysed by a floating eye for 4 turns
 71179 | Depths:4 | Noticed Frederick
 71180 | Depths:4 | Found a flickering gateway to a bazaar.
 71190 | Depths:4 | Killed Frederick
 71228 | Bazaar   | Entered a bazaar
 71232 | Bazaar   | Found Komihosh's Gadget Boutique.
 71240 | Bazaar   | Found Vasecou's General Store.
 71251 | Bazaar   | Found Ogofaax's Distillery.
 71259 | Bazaar   | Bought a potion of might for 52 gold pieces
 71259 | Bazaar   | Bought a potion of heal wounds for 65 gold pieces
 71259 | Bazaar   | Bought a potion of invisibility for 104 gold pieces
 71259 | Bazaar   | Bought a potion of heal wounds for 65 gold pieces
 71259 | Bazaar   | Bought 2 potions of might for 104 gold pieces
 71259 | Bazaar   | Bought a potion of mutation for 104 gold pieces
 71264 | Bazaar   | Found Qanoyt's Antique Armour Shop.
 71272 | Bazaar   | Found Foajou's Antique Weapon Shop.
 71280 | Bazaar   | Bought a crystal broad axe for 252 gold pieces
 71298 | Bazaar   | Bought an encrusted cloak for 171 gold pieces
 71298 | Bazaar   | Bought a pair of embroidered boots for 135 gold pieces
 71306 | Depths:4 | Identified the +5 broad axe of Masoimai {pain, *Rage Str+6}
                  | (You bought it in a shop in a bazaar)
 71308 | Depths:4 | Identified the +0 cloak "Iteffy" {rPois Str+3 Int+4} (You
                  | bought it in a shop in a bazaar)
 71374 | Depths:4 | Killed a juggernaut
 71431 | Depths:4 | Found a glowing golden altar of the Shining One.
 71518 | Depths:4 | Reached skill level 22 in Invocations
 71554 | Depths:3 | Noticed a caustic shrike
 71560 | Depths:3 | Killed a caustic shrike
 71566 | Depths:3 | Noticed a juggernaut
 71576 | Depths:3 | Killed a juggernaut
 72434 | Vaults:3 | Reached XP level 26. HP: 193/193 MP: 38/38
 72681 | Orc:2    | Bought a scroll of enchant armour for 112 gold pieces
 72681 | Orc:2    | Bought a scroll of enchant weapon for 112 gold pieces
 72681 | Orc:2    | Bought a scroll of teleportation for 45 gold pieces
 72681 | Orc:2    | Bought a scroll of enchant weapon for 112 gold pieces
 72681 | Orc:2    | Bought a scroll of enchant weapon for 112 gold pieces
 72681 | Orc:2    | Bought a scroll of teleportation for 45 gold pieces
 72681 | Orc:2    | Bought a scroll of enchant weapon for 112 gold pieces
 73737 | Depths:3 | Identified the cursed +0 rapier "Jolam" {flame, Will+ Str-4
                  | Dex+3}
 74129 | Depths:3 | Reached skill level 23 in Invocations
 74913 | Depths:3 | Found a runed translucent gate.
 74913 | Depths:3 | Found a runed translucent gate.
 74914 | Depths:3 | Found a runed translucent gate.
 75108 | Depths:3 | Identified the ring of Wughuu {+Fly rPois rC- Str+4}
 75408 | Depths:3 | Found a one-way gate leading to the halls of Pandemonium.
 75684 | Depths:3 | Identified the Tome of Shape Shifting
 75704 | Depths:3 | Noticed Ophixkez's ghost (veteran FoFi)
 77969 | Depths:5 | Entered Level 5 of the Depths
 78642 | Depths:5 | Reached XP level 27. HP: 170/201 MP: 38/38
 80316 | Depths:5 | Found a gate to the Realm of Zot.
 81338 | Orc:2    | Bought a scroll of enchant weapon for 232 gold pieces
 82050 | Slime:1  | Entered Level 1 of the Pits of Slime
 82864 | Slime:2  | Gained mutation: You are weak. (Str -2) [a shining eye]
 82867 | Slime:2  | Gained mutation: Scrolls take you a little longer to read.
                  | [a shining eye]
 83453 | Slime:5  | Entered Level 5 of the Pits of Slime
 84523 | Slime:4  | Gained mutation: Your body sometimes deteriorates upon
                  | taking damage. [a shining eye]
 84525 | Slime:4  | Gained mutation: You occasionally shout uncontrollably at
                  | your foes. [a shining eye]
 84966 | Slime:5  | Gained mutation: Scrolls take you longer to read. [a
                  | shining eye]
 85191 | Slime:5  | Found a viscous altar of Jiyva.
 85192 | Slime:5  | Noticed the Royal Jelly
 85212 | Slime:5  | Killed the Royal Jelly
 85279 | Slime:5  | Got a slimy rune of Zot
 85294 | Slime:5  | Identified the amulet of Mapsimiu {rElec Will+++ Regen+
                  | Dex+2 Slay-4} (You found it on level 5 of the Pits of
                  | Slime)
 85359 | Slime:5  | Identified the cursed ring of Vozuq {Str+4 Dex-4} (You
                  | found it on level 5 of the Pits of Slime)
 85376 | Slime:5  | Identified Cysi's Disquisition on Air
 86485 | D:7      | Bought a potion of heal wounds for 60 gold pieces
 86485 | D:7      | Bought a potion of haste for 120 gold pieces
 86485 | D:7      | Bought a potion of berserk rage for 60 gold pieces
 86485 | D:7      | Bought a potion of might for 48 gold pieces
 86485 | D:7      | Bought a potion of mutation for 96 gold pieces
 86712 | Elf:3    | Lost mutation: You occasionally shout uncontrollably at
                  | your foes. [potion of mutation]
 86712 | Elf:3    | Lost mutation: Scrolls take you longer to read. [potion of
                  | mutation]
 86712 | Elf:3    | Gained mutation: You possess an exceptional clarity of
                  | mind. [potion of mutation]
 86712 | Elf:3    | Gained mutation: You are partially covered in slimy green
                  | scales. (AC +2) [potion of mutation]
 86712 | Elf:3    | Gained mutation: Your skin changes colour to match your
                  | surroundings (Stealth+). [potion of mutation]
 86712 | Elf:3    | Gained mutation: You are mostly covered in slimy green
                  | scales. (AC +3) [potion of mutation]
 86713 | Elf:3    | Lost mutation: You are mostly covered in slimy green
                  | scales. (AC +3) [potion of mutation]
 86713 | Elf:3    | Lost mutation: Scrolls take you a little longer to read.
                  | [potion of mutation]
 86713 | Elf:3    | Lost mutation: Your body sometimes deteriorates upon taking
                  | damage. [potion of mutation]
 86713 | Elf:3    | Gained mutation: You expend magic power (3 MP) to
                  | strengthen your wands. [potion of mutation]
 86713 | Elf:3    | Gained mutation: Your magical capacity is low. (-10% MP)
                  | [potion of mutation]
 86713 | Elf:3    | Gained mutation: Your flesh is heat resistant. (rF+)
                  | [potion of mutation]
 86980 | Vaults:5 | Entered Level 5 of the Vaults
 87022 | Vaults:4 | Reached skill level 15 in Evocations
 88113 | Vaults:5 | Got a silver rune of Zot
 88247 | Vaults:5 | Noticed an ancient lich
 88268 | Vaults:5 | Killed an ancient lich
 89425 | Vaults:5 | Identified the amulet "Naqelel" {RegenMP rElec Will++ Str+3
                  | Int+4}
 89742 | Vaults:5 | Identified the Handbook of the Congealing Voyage
 89875 | Vaults:5 | Reached skill level 10 in Dodging
 90007 | Vaults:5 | Noticed Sojobo
 90017 | Vaults:5 | Killed Sojobo
 90358 | Vaults:5 | Identified Xutat's Handbook of the Volcanoes and Cold
 90377 | Vaults:5 | Acquired 762 gold pieces
 91752 | Zot:1    | Entered Level 1 of the Realm of Zot
 93221 | Zot:1    | Reached skill level 24 in Invocations
 94603 | Elf:1    | Bought 20 sling bullets for 200 gold pieces
 94603 | Elf:1    | Bought a scroll of enchant armour for 150 gold pieces
 94603 | Elf:1    | Bought 12 sling bullets for 120 gold pieces
 95433 | Zot:1    | Found a huge runed gate.
 95433 | Zot:1    | Found a huge runed gate.
 95435 | Zot:1    | Found a huge runed gate.
 95435 | Zot:1    | Found a huge runed gate.
 95438 | Zot:1    | Found a huge runed gate.
 95442 | Zot:1    | Found a huge runed gate.
 95442 | Zot:1    | Found a huge runed gate.
 95442 | Zot:1    | Found a huge runed gate.
 95442 | Zot:1    | Found a huge runed gate.
 95442 | Zot:1    | Found a huge runed gate.
 95442 | Zot:1    | Found a huge runed gate.
 95443 | Zot:1    | Found a huge runed gate.
 95444 | Zot:1    | Found a huge runed gate.
 96068 | Zot:1    | Found a huge runed gate.
 96069 | Zot:1    | Found a huge runed gate.
 96070 | Zot:1    | Found a huge runed gate.
 96402 | Zot:1    | Found a huge runed gate.
 96402 | Zot:1    | Found a huge runed gate.
 96402 | Zot:1    | Found a huge runed gate.
 96405 | Zot:1    | Found a huge runed gate.
 98297 | Zot:2    | Found a large runed translucent door.
 98297 | Zot:2    | Found a large runed translucent door.
 98299 | Zot:2    | Noticed Ugih's ghost (legendary MiFi)
 99671 | Zot:3    | Reached skill level 25 in Invocations
102526 | Zot:4    | Noticed an orb of fire
102534 | Zot:4    | Gained mutation: Scrolls take you a little longer to read.
                  | [an orb of fire]
102538 | Zot:4    | Killed an orb of fire
103105 | Zot:4    | Reached skill level 26 in Invocations
103335 | Zot:4    | Identified the +3 rapier "Caroel" {drain, Will- MP+9 Int+7}
103516 | Zot:5    | Entered Level 5 of the Realm of Zot
104193 | Zot:5    | Noticed a Killer Klown
104204 | Zot:5    | Killed a Killer Klown
104253 | Zot:5    | Reached skill level 27 in Invocations
104470 | Zot:5    | Noticed an orb of fire
104474 | Zot:5    | Noticed an orb of fire
104576 | Zot:5    | Noticed an orb of fire
104576 | Zot:5    | Noticed a Killer Klown
104591 | Zot:5    | Lost mutation: Scrolls take you a little longer to read.
                  | [an orb of fire]
104595 | Zot:5    | Noticed a Killer Klown
104598 | Zot:5    | Killed an orb of fire
104608 | Zot:4    | Killed a Killer Klown
104774 | Zot:5    | Noticed an orb of fire
104834 | Zot:5    | Killed an orb of fire
104835 | Zot:5    | Killed a Killer Klown
104957 | Zot:5    | Noticed an orb of fire
104961 | Zot:5    | Lost mutation: You possess an exceptional clarity of mind.
                  | [an orb of fire]
104965 | Zot:5    | Killed an orb of fire
104995 | Zot:5    | Killed an orb of fire
105209 | Zot:5    | Noticed an ancient lich
105228 | Zot:5    | Killed an ancient lich
105235 | Zot:5    | Noticed an ancient lich
105257 | Zot:5    | Killed an ancient lich
105343 | Zot:5    | Killed an orb of fire
105448 | Zot:5    | Noticed an ancient lich
105463 | Zot:5    | Killed an ancient lich
105711 | Zot:5    | Noticed an orb of fire
105739 | Zot:5    | Killed an orb of fire
105742 | Zot:5    | Noticed a Killer Klown
105776 | Zot:5    | Killed a Killer Klown
107072 | Zot:5    | Got the Orb of Zot
107532 | D:10     | Noticed Afekhut the pandemonium lord
107551 | D:10     | Killed Afekhut the pandemonium lord
107721 | D:$      | Escaped with the Orb!

Illustrated notes

Levels and vault maps discovered:
D:1:      eino_arrival_tree_alley, layout_rooms, roderic_lattice_a
D:2:      layout_loops_corners, nzn_hepliaklqana_mist_gate, minivault_24,
          minmay_randomly_rotated_circles
D:3:      layout_rooms, lightli_temple_of_fire, general_overflow_altar,
          lemuel_crystal_altar, marbit_many_paths, elyvilon_altar_5,
          kennysheep_decorative_pillar, kennysheep_generic_room_8, uniq_robin
D:4:      layout_basic
D:5:      layout_rooms, basic_altar, chequers_serial_rivers_small_b
D:6:      layout_basic, serial_shops, shop
D:7:      layout_loops_corners, nicolae_dithmenos_shadow_blocks,
          lemuel_round_altar, minmay_temple_entry_overgrown, nzn_ghost_randoct,
          serial_shops, nicolae_shop_crystal, minivault_27
D:8:      layout_basic, onia_ninara_dug_in_and_dangerous, uniq_erica,
          uniq_maurice, uniq_grum, uniq_pikel, uniq_gastronok
D:9:      layout_irregular_city, lemuel_round_altar, enter_bailey_2
D:10:     cheibrodos_fzero, layout_stronghold, minmay_fractal_squares_gapless_5,
          uniq_sonja, uniq_psyche
D:11:     layout_loops_ring, dpeg_lair_monsters, orc_0_dummy,
          nicolae_trove_entry_isolated, basic_altar
D:12:     layout_stronghold, gammafunk_ghost_split
D:13:     layout_basic, serial_aquarium, aquarium_bridge_square
          [aquarium_subvault_bridge, aquarium_subvault_balcony,
          aquarium_subvault_bridge, aquarium_subvault_balcony],
          aquarium_bridge_square [aquarium_subvault_bridge,
          aquarium_subvault_wall, aquarium_subvault_window,
          aquarium_subvault_bridge], aquarium_window_2, aquarium_window_fake,
          aquarium_window_1, aquarium_window_2, aquarium_view_2f,
          aquarium_balcony_1b, aquarium_pool_2, uniq_jorgrun
D:14:     minmay_tri_stars, layout_rooms, david_vaults_3, basic_altar,
          portal_ice_cave_entry_pillars_1, serial_park_square3
          [serial_park_minivault_5x5_2]
D:15:     grunt_enter_depths_hoard, layout_small_grid,
          chequers_serial_rivers_micro_d, grunt_gozag_breadcrumbs
Lair:1:   layout_cave_pods, gauntlet_entry_generic, st_stairs_12
Lair:2:   layout_chaotic_city, grunt_megastairs_2
Lair:3:   layout_regular_city, shoals_dummy_entry, beast_lair_carwin_9,
          grunt_megastairs_1
Lair:4:   layout_cave_pods, nicolae_spider_entry_non_spiders, minivault_27,
          uniq_rupert
Lair:5:   layout_regular_city, minmay_slime_entry_jelly_boxes, pond
Lair:6:   grunt_lair_end_beastmaster, layout_misc_corridors, grunt_megastairs_3,
          lemuel_fruit_fields
Shoals:1: layout_shoals, nicolae_shoals_seven_spires
Shoals:2: layout_shoals, nicolae_shoals_aquamancer_cove
Shoals:3: layout_shoals, serial_shops, nicolae_shop_waterfront, uniq_louise
Shoals:4: shoals_end_grunt_ice, layout_shoals, serial_shops,
          nicolae_shop_overgrown_old_shop, uniq_polyphemus
Spider:1: nicolae_spider_mines_2, hangedman_spider_mandibles,
          spiders_nest_hornet_nest, uniq_donald
Spider:2: layout_spider_delve
Spider:3: layout_spider_delve, nicolae_looking_at_the_future
Spider:4: spider_rune_water, nicolae_crawler_farm
Slime:1:  layout_caves
Slime:2:  layout_caves
Slime:3:  layout_caves
Slime:4:  layout_caves
Slime:5
Orc:1:    cheibrodos_orc_bank, layout_diamond_mine, serial_shops,
          nicolae_shop_behind_doors
Orc:2:    st_orc_ogre_mass, layout_caves
Elf:1:    layout_loops_corners, serial_shops, shop, shop, shop,
          nicolae_shop_waterfront, shop, minmay_elf_necromancy, feat_on_display,
          uniq_aizul, uniq_azrael, uniq_asterion
Elf:2:    layout_onion_city, portal_desolation_entry_nicolae_nacl,
          mu_enter_wizlab_3
Elf:3:    minmay_elf_hall_statues, layout_loops_cross, basic_altar,
          columned_hall_lemuel
Vaults:1: vaults_room_octagon, vaults_room_octagon, vaults_room_hallway,
          ontoclasm_vaults_twist, vaults_dpeg_doors,
          ontoclasm_vaults_misaligned, st_cells, v_misc_18, vaults_mumra_hex,
          v_pattern_4, nicolae_vaults_puzzle_piece, layout_vaults_omnibox,
          serial_shops, shop
Vaults:2: blue_anna_dwarven_crypt, vaults_room_stairs_pillars,
          vaults_room_hallway, hangedman_vaults_trim, ontoclasm_vaults_pinch,
          nicolae_vaults_shelves_hall, nicolae_vaults_little_squares_1,
          nicolae_vaults_statue_guard, vaults_mumra_hexcomb,
          layout_vaults_omnigrid
Vaults:3: v_pattern_1, hangedman_vaults_nodes, vaults_mumra_minichess_inversion,
          vaults_dpeg_encased_lava, v_misc_15, ontoclasm_vaults_shuriken,
          nicolae_vaults_alarming, vaults_room_stairs_pillars,
          vaults_room_fours, nicolae_vaults_what_the_h,
          nicolae_vaults_rhombus_7, nicolae_vaults_circle_grid_b,
          layout_vaults_omnicross, basic_altar, uniq_xtahua
Vaults:4: nicolae_vaults_ninety_degrees, nicolae_vaults_branching_niches,
          v_rooms_6, nicolae_vaults_inception_corners, v_alt_pattern_1,
          vaults_room_semicircle, v_misc_4, hangedman_vaults_capsules,
          nicolae_vaults_circle_grid_b, v_misc_12, vaults_room_door_ring,
          nicolae_vaults_little_squares_5, vaults_dpeg_cross,
          layout_vaults_maze, serial_shops, shop, uniq_mennas
Vaults:5: uniq_sojobo
Depths:1: layout_gridlike, grunt_metal_band, abyss_entry_crystal,
          chequers_jeans, minmay_misc_feat_room, kennysheep_generic_room_14,
          minmay_shop_star
Depths:2: cheibrodos_witchhunters_guild, layout_gridlike, enter_ziggurat_e,
          hell_entry, serial_bayou_lagoon_a, infiniplex_staircase_pool_1,
          serial_bayou_shore_b
Depths:3: minmay_heptahexagon, layout_twisted_cross, hellmouth_1, abyss_entry,
          ebering_ghost_rock_garden, rand_demon_pan_entry_7,
          minmay_staircase_statues
Depths:4: minmay_the_grid_four_pointed_star_mashed
          [minmay_the_grid_triangle_9x9_steps,
          minmay_the_grid_triangle_9x9_semitri,
          minmay_the_grid_triangle_9x9_negative_grid,
          minmay_the_grid_triangle_9x9_alien, minmay_the_grid_prize_big_room],
          layout_honeycomb, nicolae_abyss_entry_one_way_or_another, hell_entry,
          serial_shops, bzr_entry_lakeside, tso_metal_star,
          kilobyte_rumbling_trees, uniq_frederick, uniq_mara
Depths:5: grunt_zot_entry_hairpin, layout_cave_pools, nicolae_water_bricks,
          hangedman_coc_ice_floe, rand_demon_pan_entry_9, grunt_megastairs_4
Zot:1:    layout_cellular_growth, door_vault
Zot:2:    layout_cathedral_of_symmetry, ebering_ghost_disaster_area,
          grunt_megastairs_5
Zot:3:    evilmike_crystal_ball_defense, layout_cellular_growth
Zot:4:    layout_gridlike, st_small_dragon_hoard_2, bh_zot_lava_cross
Zot:5:    layout_gridlike

Skill      XL: |  1  2  3  4  5  6  7  8  9 10 11 12 13 14 15 16 17 18 19 20 21 22 23 24 25 26 27 |
---------------+----------------------------------------------------------------------------------+-----
Fighting       | 2 3 4 5 8 9 10 11 12 13 15 16 17 18 19 25 | 25.1
Evocations     | 4 5 8 10 11 19 | 19.0
Shields        | 1 3 5 7 8 9 10 11 12 13 14 15 | 15.0
Invocations    | 1 3 4 6 8 9 10 11 12 13 15 16 17 18 20 22 23 27 | 27.0
Armour         | 3 4 5 10 14 15 16 | 16.0
Dodging        | 2 3 6 7 8 12 | 12.0
Maces & Flails | 1 3 |  3.1
Polearms       | 3 4 5 6 |  6.0
Throwing       | 3 10 12 13 14 | 14.4
Slings         | 5 9 12 | 12.0
Axes           | 10 15 16 19 | 19.6
Stealth        | |  1.0

Action                   |  1- 3 |  4- 6 |  7- 9 | 10-12 | 13-15 | 16-18 | 19-21 | 22-24 | 25-27 || total
-------------------------+-------+-------+-------+-------+-------+-------+-------+-------+-------++-------
Melee: Club              |    60 |       |       |       |       |       |       |       |       ||    60
       Flail             |    38 |   204 |       |       |       |       |       |       |       ||   242
       Morningstar       |       |    26 |    37 |       |       |       |       |       |       ||    63
       Trident           |       |       |   216 |   533 |   690 |    40 |   151 |       |       ||  1630
       Broad axe         |       |       |       |       |       |       |       |   481 |  2034 ||  2515
       Demon whip        |       |       |       |       |       |       |       |       |    54 ||    54
 Fire: Hunting sling     |       |       |     5 |       |       |       |       |       |       ||     5
       Fustibalus        |       |       |       |       |   479 |  1239 |  1190 |   646 |   259 ||  3813
Throw: Throwing net      |       |     1 |       |     1 |       |       |     1 |       |       ||     3
       Dart              |       |       |     1 |    10 |     6 |     8 |       |       |       ||    25
       Boomerang         |       |       |       |    14 |       |       |       |       |       ||    14
       Javelin           |       |       |       |       |       |     4 |       |       |    43 ||    47
Invok: Recall Ancestor   |       |     5 |     3 |     7 |     5 |     7 |     5 |     4 |    19 ||    55
       Ancestor Life: Kn |       |       |     1 |       |       |       |       |       |       ||     1
       Idealise          |       |       |       |     1 |     4 |     5 |     4 |     7 |    19 ||    40
 Abil: Evoke Flight      |       |       |       |     6 |       |     2 |       |       |       ||     8
Evoke: Wand              |    12 |       |     2 |    22 |       |       |     1 |     1 |     1 ||    39
       Condenser vane    |       |       |       |       |       |     3 |     4 |     2 |     2 ||    11
       Lightning rod     |       |       |       |       |       |     6 |       |     4 |       ||    10
       Tin of tremorston |       |       |       |       |       |       |       |       |     3 ||     3
  Use: Scroll            |       |     5 |     6 |    11 |    11 |     8 |     6 |    23 |    35 ||   105
       Potion            |       |       |       |     1 |     2 |     1 |     2 |     7 |    24 ||    37
 Stab: Sleeping          |     5 |     1 |       |       |       |       |       |       |       ||     6
       Distracted        |       |       |     2 |     3 |    10 |       |     5 |     9 |    48 ||    77
       Paralysed         |       |       |       |     6 |       |       |       |       |       ||     6
Armor: Leather armour    |    53 |     5 |       |       |       |       |       |       |       ||    58
       Chain mail        |       |   158 |       |   315 |   589 |   222 |   407 |   410 |   110 ||  2211
       Ring mail         |       |     8 |   105 |     6 |       |       |       |       |       ||   119
       Skin              |       |       |       |       |    28 |       |       |       |       ||    28
       Plate armour      |       |       |       |       |       |       |       |       |   418 ||   418
       Gold dragon scale |       |       |       |       |       |       |       |       |   531 ||   531
       Swamp dragon scal |       |       |       |       |       |       |       |       |     6 ||     6
Dodge: Dodged            |    37 |    32 |   103 |   135 |   303 |   103 |   276 |   561 |   924 ||  2474
Block: Kite shield       |    43 |   120 |   132 |   349 |   656 |   332 |   410 |       |  1244 ||  3286
       Reflection        |       |       |       |       |       |    51 |    11 |       |    45 ||   107
       Buckler           |       |       |       |       |       |       |   117 |   452 |   133 ||   702
